 Dungeon Crawl Stone Soup version 0.25-a0-102-gbfa96ce22d (webtiles) character file.

Game seed: 2218119734846661465, levelgen mode: deterministic

105674 vurker the Eclecticist (level 15, -8/117 HPs)
             Began as a Mummy Fire Elementalist on Nov 15, 2019.
             Was an Initiate of Gozag.
             Mangled by an alligator (21 damage)
             ... led by an alligator
             ... on level 2 of the Swamp.
             The game lasted 01:20:59 (45045 turns).

vurker the Eclecticist (Mummy Fire Elementalist)   Turns: 45045, Time: 01:21:00

Health: -8/117     AC:  9    Str: 12    XL:     15   Next: 95%
Magic:  17/45      EV: 12    Int: 20    God:    Gozag
Gold:   6540       SH:  5    Dex: 13    Spells: 28/48 levels left

rFire    + + .     SeeInvis +   D - +2 dagger (venom)
rCold    + + +     Gourm    .   s - +0 buckler
rNeg     + + +     Faith    .   n - +2 robe {rC+ rF+}
rPois    ∞         Spirit   .   q - +2 helmet
rElec    .         Reflect  .   L - scarf {rC+ rF+}
rCorr    .         Harm     +   y - +0 pair of gloves
MR       +....                  G - +0 pair of boots
Stlth    +.........             K - amulet of harm
HPRegen  0.29/turn              r - ring "Feaw" {rC+ MP+9 SInv}
MPRegen  0.29/turn              p - ring of fire

@: gold aura, very slightly contaminated, very slow
A: no food or potions, fire vulnerability, cold resistance 1, negative energy
resistance 3, torment resistance, unbreathing, in touch with death 1
a: Potion Petition, Call Merchant, Bribe Branch, Renounce Religion


You were on level 2 of the Swamp.
You worshipped Gozag.
Gozag was greatly pleased with you.
You were not hungry.

You visited 5 branches of the dungeon, and saw 26 of its levels.

You collected 8840 gold pieces.
You spent 2259 gold pieces at shops.
You paid 41 gold pieces to Gozag.

Inventory:

Hand Weapons
 D - a +2 dagger of venom (weapon)
   (You took it off a necromancer on level 6 of the Lair of Beasts)
Missiles
 j - 8 throwing nets (quivered)
Armour
 n - a +2 robe of resistance (worn)
   (You took it off Pikel on level 7 of the Dungeon)
 q - a +2 helmet (worn)
   (You found it on level 8 of the Dungeon)
 s - a +0 buckler (worn)
   (You found it on level 3 of the Lair of Beasts)
 w - a +1 robe of magic resistance
   (You took it off Erica on level 1 of the Orcish Mines)
 y - a +0 pair of gloves (worn)
   (You found it on level 1 of the Dungeon)
 G - a +0 pair of boots (worn)
   (You found it on level 14 of the Dungeon)
 L - a scarf of resistance (worn)
   (You acquired it on level 1 of the Swamp)
Magical Staves
 z - an uncursed staff of air
   (You found it on level 4 of the Lair of Beasts)
Jewellery
 e - an uncursed amulet of regeneration
   (You found it on level 1 of the Swamp)
 g - an uncursed ring of wizardry
   (You found it on level 1 of the Lair of Beasts)
 p - a ring of fire (right hand)
   (You bought it in a shop on level 7 of the Dungeon)
 r - the ring "Feaw" (left hand) {rC+ MP+9 SInv}
   (You bought it in a shop on level 7 of the Dungeon)

   [ring of see invisible]

   It protects you from cold.
   It affects your magic capacity (+9).
   It lets you see invisible.
 C - an uncursed ring of protection from fire
   (You found it on level 6 of the Lair of Beasts)
 E - an uncursed ring of protection from magic
   (You found it on level 13 of the Dungeon)
 K - an amulet of harm (around neck)
   (You found it on level 15 of the Dungeon)
Wands
 t - a wand of flame (38)
   (You found it on level 2 of the Lair of Beasts)
 u - a wand of paralysis (1)
   (You took it off Pikel on level 7 of the Dungeon)
 v - a wand of digging (9)
   (You found it on level 1 of the Lair of Beasts)
 I - a wand of polymorph (6)
   (You took it off an orc on level 14 of the Dungeon)
Scrolls
 a - 8 scrolls of teleportation
 b - 6 scrolls of amnesia
 c - 4 scrolls of identify
 f - 11 scrolls of remove curse
 i - 7 scrolls of magic mapping
 k - 5 scrolls of fog
 l - 4 scrolls of immolation
 m - 4 scrolls of enchant weapon
 o - 4 scrolls of fear
 B - a scroll of blinking
 F - a scroll of silence
 H - a scroll of holy word
Miscellaneous
 A - a lamp of fire (inert)
   (You found it on level 5 of the Lair of Beasts)


   Skills:
 + Level 10.7 Fighting
 - Level 1.5 Dodging
 - Level 1.5 Stealth
 - Level 4.0 Shields
 * Level 17.1 Spellcasting
 * Level 12.6 Conjurations
 * Level 12.8 Fire Magic
 - Level 5.0 Evocations


You had 28 spell levels left.
You knew the following spells:

 Your Spells              Type           Power        Failure   Level  Hunger
a - Bolt of Fire          Conj/Fire      #######...   2%          6    N/A
c - Conjure Flame         Conj/Fire      #######.     1%          3    N/A
q - Sticky Flame          Conj/Fire      #######.     1%          4    N/A
w - Blink                 Tloc           N/A          4%          2    N/A
z - Fireball              Conj/Fire      #######...   1%          5    N/A

Your spell library contained the following spells:

 Spells                   Type           Power        Failure   Level  Hunger
 Flame Tongue             Conj/Fire      #####        1%          1    N/A
 Magic Dart               Conj           ####         1%          1    N/A
 Sting                    Conj/Pois      ####         1%          1    N/A
 Throw Flame              Conj/Fire      ######       1%          2    N/A
 Inner Flame              Hex/Fire       ######..     1%          3    N/A
 Mephitic Cloud           Conj/Pois/Air  ####....     1%          3    N/A
 Stone Arrow              Conj/Erth      #####.       1%          3    N/A
 Animate Skeleton         Necr           N/A          3%          1    N/A
 Apportation              Tloc           ###...       3%          1    N/A
 Pain                     Necr           ####         3%          1    N/A
 Sandblast                Erth           ###...       3%          1    N/A
 Summon Butterflies       Summ           ###.....     3%          1    N/A
 Summon Small Mammal      Summ           ###.         3%          1    N/A
 Call Imp                 Summ           ###.....     4%          2    N/A
 Passwall                 Tmut/Erth      ###.....     4%          2    N/A
 Poisonous Vapours        Pois/Air       ###...       4%          2    N/A
 Slow                     Hex            ###.....     4%          2    N/A
 Irradiate                Conj/Tmut      #####.....   7%          5    N/A
 Venom Bolt               Conj/Pois      #####.....   7%          5    N/A
 Call Canine Familiar     Summ           ###.....     10%         3    N/A
 Lesser Beckoning         Tloc           ###.......   10%         3    N/A
 Summon Guardian Golem    Hex/Summ       ###.....     10%         3    N/A
 Tukima's Dance           Hex            ###.....     10%         3    N/A
 Vampiric Draining        Necr           ####......   10%         3    N/A
 Animate Dead             Necr           N/A          32%         4    N/A
 Olgreb's Toxic Radiance  Pois           ###.....     32%         4    N/A
 Petrify                  Tmut/Erth      ###.....     32%         4    N/A
 Summon Ice Beast         Ice/Summ       ###.....     32%         4    N/A
 Summon Lightning Spire   Summ/Air       ###.....     32%         4    N/A
 Conjure Ball Lightning   Conj/Air       #####.....   36%         6    N/A
 Alistair's Intoxication  Tmut/Pois      ###.....     67%         5    N/A
 Lee's Rapid Deconstruct  Erth           ###.......   67%         5    N/A
 Silence                  Hex/Air        ###.......   67%         5    N/A
 Ignition                 Fire           #######...   75%         8    N/A
 Ring of Flames           Chrm/Fire      ######....   90%         7    N/A
 Deflect Missiles         Chrm/Air       ###.......   99%         6    N/A
 Invisibility             Hex            ###.....     99%         6    N/A
 Tornado                  Air            ###.......   100%        9    N/A
 Regeneration             Chrm/Necr      Unusable     N/A         3    N/A

Dungeon Overview and Level Annotations

Branches:
Dungeon (15/15)            Temple (1/1) D:4            Lair (6/6) D:9
  Swamp (2/4) Lair:2        Snake (0/4) Lair:3        Slime (0/5) Lair:6
    Orc (2/2) D:10            Elf (0/3) Orc:2        Vaults (0/5) D:13
 Depths (0/5) D:15

Altars:
Ashenzari
Cheibriados
Dithmenos
Elyvilon
Fedhas
Gozag
Hepliaklqana
Kikubaaqudgha
Makhleb
Nemelex Xobeh
Okawaru
Qazlal
Ru
Sif Muna
Trog
Uskayaw
Vehumet
Wu Jian
Xom
Yredelemnul
Zin
The Shining One
Beogh
Jiyva

Shops:
D:5 (   D:7 =   D:8 %   D:12 =   D:13 ?   D:14 (   Orc:1 [   Orc:2 (![[

Annotations:
D:6 2 transporters
D:12 3 runed translucent doors, grouchysmurf's ghost, journeyman GrFi
Lair:3 1 runed translucent door, Zycearphob's ghost, journeyman OgFE
Lair:6 1 runed translucent door


Innate Abilities, Weirdness & Mutations

You do not eat or drink.
Your flesh is vulnerable to fire.
You are immune to poison.
Your flesh is cold resistant. (rC+)
You are immune to negative energy. (rN+++)
You are immune to unholy pain and torment.
You can survive without breathing.
You are in touch with the powers of death.


Message History

Moving in this stuff is going to be slow.
You enter the shallow water.
Moving in this stuff is going to be slow. 2 alligators come into view.
The alligator puts on a burst of speed!
There are monsters nearby!
Found a scroll of teleportation.
Aim: an alligator (covering ground quickly)
You feel a surge of power!
The bolt of fire hits the alligator!!!
The alligator bites you!!
The alligator tail-slaps you but does no damage.
Aim: an alligator (almost dead, covering ground quickly)
You feel a surge of power!
You miscast Bolt of Fire.
You are very lightly contaminated with residual magic.
Nothing appears to happen.
The alligator bites you but does no damage.
The alligator tail-slaps you. The alligator bites you!
The alligator closely misses you.
Aim: an alligator (almost dead, covering ground quickly)
You feel a surge of power!
The bolt of fire hits the alligator!!
You kill the alligator!
The alligator puts on a burst of speed!
An alligator is nearby!
Aim: an alligator (water, covering ground quickly)
You feel a surge of power!
The bolt of fire hits the alligator!!
The tree smoulders and burns.
The alligator bites you!
* * * LOW HITPOINT WARNING * * *
The alligator barely misses you.
The alligator is engulfed in a cloud of scalding steam.
The alligator completely misses you. The alligator tail-slaps you!
* * * LOW HITPOINT WARNING * * *
Aim: an alligator (steam, water, heavily wounded, covering ground quickly)
You feel a surge of power!
The sticky flame hits the alligator.
The alligator is covered in liquid flames!
The flames covering the alligator go out.
The alligator stops burning.
The alligator is engulfed in a cloud of scalding steam.
The alligator bites you!!
* * * LOW HITPOINT WARNING * * *
The alligator misses you.
Okay, then.
You blink.
Splash!
You fall into the shallow water.
Moving in this stuff is going to be slow.
You are engulfed in blazing flames.
You resist.
* * * LOW HITPOINT WARNING * * *
The alligator bites you!!
You die...
Your body crumbles into a pile of gold.

♣..♣♣ ♣..♣
♣..♣ ♣♣ ♣≈≈♣
♣.♣ ♣..♣
♣≈≈♣♣♣≈≈♣
♣.≈♣..§♣
♣≈≈..t$♣♣♣≈≈
♣♣≈.@≈.≈...≈
♣..≈≈§.≈≈.≈
♣♣.≈♣..≈≈.≈
♣≈.≈.♣≈≈.≈
♣..♣......
?..♣♣♣♣♣♣♣♣
..♣♣ ..♣


You could see an alligator.

Vanquished Creatures
  Rupert (D:12)
  A thorn hunter (Swamp:2)
  A very ugly thing (Swamp:1)
  A dire elephant (D:15)
  An ettin (Orc:2)
  Josephine (D:14)
  Fannar (Orc:1)
  A great orb of eyes (D:14)
  A vault guard (D:13)
  15 hydras
  7 centaur warriors
  2 shambling mangroves (Swamp:2)
  Erica (Orc:1)
  A death knight (D:14)
  4 two-headed ogres
  7 alligators
  4 death yaks (Lair:6)
  4 orc high priests (Orc:2)
  Urug (Lair:1)
  A fire crab (Lair:5)
  Pikel (D:7)
  An unseen horror (D:14)
  A wizard (D:14)
  6 orc knights
  A necromancer (Lair:6)
  5 ugly things
  5 orc sorcerers
  2 wolf spiders
  4 cyclopes
  2 manticores (D:15)
  6 elephants (Lair:6)
  A guardian serpent (Lair:6)
  A black mamba (shapeshifter) (D:15)
  3 torpor snails (Lair:3)
  7 black mambas
  3 centaur zombies
  16 spiny frogs
  3 gargoyles
  A naga mage (D:15)
  A rime drake (Lair:2)
  7 komodo dragons
  3 freezing wraiths (D:14)
  4 trolls
  4 tyrant leeches
  2 tengu conjurers (D:15)
  A polar bear (Lair:6)
  10 hornets
  Grinder (D:6)
  3 bog bodies
  12 hippogriffs
  13 blink frogs
  A meliai zombie (D:13)
  13 slime creatures
  2 spriggans
  7 wraiths
  A redback (Lair:6)
  17 yaks
  A shadow (D:14)
  3 vampires
  16 wyverns
  4 humans (D:8)
  2 basilisks
  A hungry ghost (D:14)
  5 swamp worms
  6 vampire mosquitoes
  Edmund (D:6)
  A warg (Orc:2)
  An acid dragon (D:15)
  A naga (Lair:3)
  16 water moccasins
  10 porcupines
  A swamp drake (Swamp:1)
  An eye of draining (D:10)
  18 orc warriors
  4 sky beasts
  6 ice beasts
  3 phantoms
  4 black bears
  A necrophage (D:8)
  11 ogres
  11 wolves
  23 centaurs
  26 crocodiles
  2 big kobolds
  Blork the orc (D:6)
  12 bullfrogs
  A gnoll sergeant (D:12)
  A wyvern skeleton (D:11)
  6 scorpions
  3 jellies
  14 wights
  6 howler monkeys (D:10)
  9 crimson imps
  2 bullfrog zombies (D:13)
  2 quasits
  17 orc priests
  30 orc wizards
  A bullfrog skeleton (D:9)
  4 hounds
  2 centaur skeletons
  7 iguanas
  Natasha (thrice) (D:3)
  6 worker ants
  7 yak simulacra (Lair:6)
  2 killer bee zombies
  A wolf simulacrum (Lair:6)
  A hound skeleton (D:10)
  A howler monkey zombie (D:8)
  A worker ant zombie (D:10)
  10 gnolls
  A howler monkey skeleton (D:8)
  11 adders
  6 shadow imps
  An adder skeleton (D:6)
  A worm (D:3)
  2 dart slugs (D:1)
  10 leopard geckos
  89 orcs
  7 giant cockroaches
  7 goblins
  5 jackals
  2 quokkas
  2 ball pythons (D:1)
  11 bats
  9 frilled lizards
  15 kobolds
  A leopard gecko zombie (D:5)
  A quokka zombie (D:9)
  10 rats
  3 river rat simulacra (Lair:6)
  A spectral orc (D:8)
  5 fungi
  4 plants
760 creatures vanquished.

Vanquished Creatures (others)
  A slave (D:7)
  An orc priest (D:7)
  A gnoll (D:7)
  An orc (D:6)
  2 quokkas
  30 fungi
  43 plants
  2 withered plants (Lair:3)
81 creatures vanquished.

Grand Total: 841 creatures vanquished

Notes
Turn   | Place    | Note
-------+----------+-------------------------------------------
     0 | D:1      | vurker the Mummy Fire Elementalist began the quest for the
                  | Orb.
     0 | D:1      | Reached XP level 1. HP: 13/13 MP: 4/4
   356 | D:1      | Reached skill level 1 in Conjurations
   400 | D:1      | Reached XP level 2. HP: 19/19 MP: 1/5
   666 | D:1      | Reached skill level 3 in Spellcasting
  1554 | D:2      | Reached XP level 3. HP: 25/25 MP: 2/7
  1742 | D:2      | Found an ancient bone altar of Kikubaaqudgha.
  2456 | D:3      | Found a glowing golden altar of the Shining One.
  3251 | D:3      | Reached skill level 1 in Fighting
  3357 | D:3      | Reached XP level 4. HP: 27/32 MP: 3/9
  3717 | D:3      | Found an iron altar of Okawaru.
  3962 | D:3      | Reached skill level 4 in Spellcasting
  3962 | D:3      | Reached XP level 5. HP: 25/37 MP: 6/11
  4257 | D:3      | Noticed Natasha
  4262 | D:3      | Killed Natasha
  4468 | D:3      | Noticed Natasha
  4474 | D:3      | Killed Natasha
  4767 | D:3      | Reached XP level 6. HP: 37/44 MP: 3/13
  4895 | D:3      | Found an iron altar of Okawaru.
  5120 | D:3      | Noticed Natasha
  5125 | D:3      | Killed Natasha
  5212 | D:3      | Found a glowing golden altar of the Shining One.
  5847 | D:4      | Reached skill level 5 in Spellcasting
  6096 | D:4      | Found a staircase to the Ecumenical Temple.
  6102 | Temple   | Entered the Ecumenical Temple
  6117 | Temple   | Became a worshipper of Gozag Ym Sagoz the Greedy
  6396 | D:5      | Entered Level 5 of the Dungeon
  6530 | D:5      | Learned a level 4 spell: Sticky Flame
  6534 | D:5      | Learned a level 3 spell: Conjure Flame
  6540 | D:5      | Learned a level 5 spell: Fireball
  6673 | D:5      | Noticed a sky beast
  6695 | D:5      | Killed a sky beast
  6695 | D:5      | Reached XP level 7. HP: 44/51 MP: 6/15
  6877 | D:5      | Found a glowing golden altar of the Shining One.
  7002 | D:5      | Found Voofreb's Weapon Emporium.
  7146 | D:5      | Reached skill level 6 in Spellcasting
  7199 | D:5      | Got a smoking leather armour
  7210 | D:5      | Identified the +3 leather armour of the Ecumenical Temple
                  | {rF+} (You found it on level 5 of the Dungeon)
  7461 | D:5      | Found a bloodstained altar of Trog.
  7667 | D:6      | Noticed Blork the orc
  7671 | D:6      | Reached XP level 8. HP: 58/58 MP: 8/17
  7800 | D:5      | Reached skill level 5 in Fire Magic
  8049 | D:6      | Got a polished leather armour
  8060 | D:6      | Identified the +5 leather armour "Musell" {+Inv rN+} (You
                  | found it on level 6 of the Dungeon)
  8100 | D:6      | Found a white marble altar of Elyvilon.
  8118 | D:6      | Noticed Grinder
  8165 | D:6      | Paralysed by Grinder for 2 turns
  8168 | D:6      | Killed Grinder
  8168 | D:6      | Reached skill level 7 in Spellcasting
  8288 | D:6      | Found a transporter.
  8292 | D:6      | Found a transporter.
  8297 | D:6      | Noticed a cyclops
  8323 | D:6      | Found a shadowy altar of Dithmenos.
  8333 | D:6      | Noticed Edmund
  8360 | D:6      | Killed Edmund
  8704 | D:6      | Killed Blork the orc
  9028 | D:6      | Reached skill level 5 in Conjurations
  9189 | D:7      | Reached XP level 9. HP: 42/65 MP: 6/20
  9327 | D:7      | Found a hide-covered altar of Uskayaw.
  9365 | D:7      | Reached skill level 8 in Spellcasting
  9405 | D:7      | Found a blossoming altar of Fedhas.
  9468 | D:7      | Noticed Pikel
  9480 | D:7      | Paralysed by Pikel for 2 turns
  9485 | D:7      | Killed Pikel
  9707 | D:7      | Found a burning altar of Makhleb.
  9718 | D:7      | Found a glowing silver altar of Zin.
 10000 | D:7      | Found Icipt's Jewellery Shoppe.
 10007 | D:7      | Bought an uncursed ring of fire for 350 gold pieces
 10314 | D:8      | Reached skill level 9 in Spellcasting
 10864 | D:8      | Reached skill level 5 in Fighting
 11176 | D:8      | Reached XP level 10. HP: 51/74 MP: 9/23
 11415 | D:8      | Found a basalt altar of Yredelemnul.
 11475 | D:8      | Found a burning altar of Makhleb.
 11610 | D:8      | Found a stormy altar of Qazlal.
 11676 | D:8      | Found Diamuchu's Food Shoppe.
 11903 | D:7      | Bought the ring "Feaw" {rC+ MP+9 SInv} for 670 gold pieces
 12083 | D:9      | Reached skill level 10 in Spellcasting
 12179 | D:9      | Found a staircase to the Lair.
 14024 | D:10     | Entered Level 10 of the Dungeon
 14068 | D:10     | Noticed a two-headed ogre
 14149 | D:10     | Killed a two-headed ogre
 14784 | D:10     | Noticed a gargoyle
 14789 | D:10     | Killed a gargoyle
 14789 | D:10     | Reached skill level 11 in Spellcasting
 15041 | D:10     | Noticed a two-headed ogre
 15045 | D:10     | Killed a two-headed ogre
 15045 | D:10     | Reached XP level 11. HP: 81/81 MP: 14/26
 15671 | D:10     | Noticed a two-headed ogre
 15675 | D:10     | Killed a two-headed ogre
 16238 | D:10     | Found a staircase to the Orcish Mines.
 16549 | D:11     | Noticed a brown ugly thing
 16554 | D:11     | Killed a brown ugly thing
 17145 | D:11     | Noticed a seven-headed hydra
 17151 | D:11     | Killed a seven-headed hydra
 17919 | Lair:1   | Entered Level 1 of the Lair of Beasts
 17933 | Lair:1   | Reached skill level 12 in Spellcasting
 18258 | Lair:1   | Noticed Urug
 18304 | Lair:1   | Killed Urug
 18587 | Lair:1   | Noticed a six-headed hydra
 18592 | Lair:1   | Killed a six-headed hydra
 19240 | Lair:2   | Reached XP level 12. HP: 91/91 MP: 26/28
 20327 | Lair:2   | Found a staircase to the Swamp.
 20631 | Lair:3   | Found a runed translucent door.
 20631 | Lair:3   | Noticed Zycearphob's ghost (journeyman OgFE)
 20778 | Lair:3   | Noticed a four-headed hydra
 20782 | Lair:3   | Killed a four-headed hydra
 20782 | Lair:3   | Reached skill level 1 in Evocations
 20793 | Lair:3   | Reached skill level 13 in Spellcasting
 21308 | Lair:3   | Found a staircase to the Snake Pit.
 21425 | Lair:3   | Found a snail-covered altar of Cheibriados.
 22873 | Lair:3   | Reached skill level 10 in Fire Magic
 23988 | Lair:5   | Reached skill level 1 in Shields
 24067 | Lair:5   | Noticed a five-headed hydra
 24072 | Lair:5   | Killed a five-headed hydra
 25197 | Lair:6   | Entered Level 6 of the Lair of Beasts
 25197 | Lair:6   | Noticed a five-headed hydra
 25200 | Lair:6   | Killed a five-headed hydra
 25201 | Lair:6   | Gained mutation: You are in touch with the powers of death.
                  | [Mummy growth]
 25201 | Lair:6   | Reached XP level 13. HP: 98/98 MP: 20/30
 25205 | Lair:6   | Reached skill level 10 in Conjurations
 26358 | Lair:6   | Reached skill level 14 in Spellcasting
 27598 | Lair:6   | Got a twisted falchion
 27599 | Lair:6   | Identified the +4 falchion of Causality {slice, MR- Int+5}
                  | (You found it on level 6 of the Lair of Beasts)
 27758 | Lair:6   | Found a runed translucent door.
 27759 | Lair:6   | Found a viscous altar of Jiyva.
 27759 | Lair:6   | Noticed an acid blob
 27760 | Lair:6   | Found a staircase to the Slime Pits.
 27760 | Lair:6   | Noticed an acid blob
 27760 | Lair:6   | Noticed an acid blob
 29970 | D:12     | Reached XP level 14. HP: 108/108 MP: 4/32
 30178 | D:12     | Found Tyheax's Jewellery Emporium.
 30814 | D:12     | Found a runed translucent gate.
 30814 | D:12     | Found a runed translucent gate.
 30816 | D:12     | Found a runed translucent gate.
 30816 | D:12     | Found an opulent altar of Gozag.
 30819 | D:12     | Noticed grouchysmurf's ghost (journeyman GrFi)
 30819 | D:12     | Noticed a sphinx
 30819 | D:12     | Noticed a storm dragon
 30907 | D:12     | Noticed Rupert
 30912 | D:12     | Paralysed by Rupert for 3 turns
 30923 | D:12     | Killed Rupert
 31568 | Orc:1    | Entered Level 1 of the Orcish Mines
 31568 | Orc:1    | Found a shimmering altar of Xom.
 31612 | Orc:1    | Found Xuh Jeism's Armour Emporium.
 31628 | Orc:1    | Noticed Erica
 31631 | Orc:1    | Killed Erica
 31751 | Orc:1    | Noticed Fannar
 31754 | Orc:1    | Killed Fannar
 31754 | Orc:1    | Reached skill level 15 in Spellcasting
 32190 | Orc:1    | Paralysed by an orc sorcerer for 6 turns
 32496 | Orc:2    | Entered Level 2 of the Orcish Mines
 32496 | Orc:2    | Found a roughly hewn altar of Beogh.
 33683 | Orc:2    | Found a staircase to the Elven Halls.
 34811 | Orc:2    | Found Meurhitti's Antique Armour Emporium.
 34811 | Orc:2    | Found Xucwykko's Armour Shop.
 34814 | Orc:2    | Found Iskaem's Distillery.
 34814 | Orc:2    | Found Orhixte's Weapon Emporium.
 35519 | D:13     | Found Vutiemok's Magic Scroll Shop.
 35525 | D:13     | Bought a scroll of magic mapping for 59 gold pieces
 35525 | D:13     | Bought a scroll of fear for 59 gold pieces
 35525 | D:13     | Bought a scroll of fear for 59 gold pieces
 35525 | D:13     | Bought a scroll of silence for 127 gold pieces
 35525 | D:13     | Bought a scroll of acquirement for 884 gold pieces
 35525 | D:13     | Bought a scroll of teleportation for 51 gold pieces
 35969 | D:13     | Reached skill level 5 in Evocations
 36566 | D:13     | Got a crude chain mail
 36595 | D:13     | Found a gate to the Vaults.
 37464 | D:14     | Identified the +6 chain mail "Watod" {Regen+} (You found it
                  | on level 13 of the Dungeon)
 38168 | D:14     | Noticed Josephine
 38292 | D:14     | Killed Josephine
 38292 | D:14     | Reached XP level 15. HP: 94/115 MP: 9/34
 38297 | D:13     | Reached skill level 16 in Spellcasting
 38887 | D:13     | Identified the Catalogue of the Invisible Beds (You
                  | acquired it on level 13 of the Dungeon)
 38899 | D:13     | Learned a level 6 spell: Bolt of Fire
 39268 | D:14     | Found Kaipp's Weapon Emporium.
 39396 | D:14     | Got a warped scale mail
 39407 | D:14     | Identified the +4 scale mail of Teibliebro {rC+ Int+3} (You
                  | found it on level 14 of the Dungeon)
 39508 | D:15     | Entered Level 15 of the Dungeon
 39513 | D:15     | Reached skill level 10 in Fighting
 40843 | D:15     | Found a shadowy altar of Dithmenos.
 41347 | D:15     | Got a transparent leather armour
 41358 | D:15     | Identified the +1 leather armour of the Prince {Regen+
                  | Dex+3} (You found it on level 15 of the Dungeon)
 41382 | D:15     | Found a staircase to the Depths.
 41876 | Swamp:1  | Entered Level 1 of the Swamp
 43462 | Swamp:1  | Learned a level 2 spell: Blink
 43593 | Swamp:2  | Noticed a thorn hunter
 43595 | Swamp:2  | Killed a thorn hunter
 44383 | Swamp:2  | Reached skill level 17 in Spellcasting
 45045 | Swamp:2  | Mangled by an alligator

Levels and vault maps discovered:
D:1:      dpeg_arrival_lava_temple_mockup, layout_basic, serial_bayou_ford_a
D:2:      layout_rooms, kiku_gazebo_garden_becter, serial_corexii_hall,
          corexii_hall_statues_s, chequers_hall_statues_y, first_ration
D:3:      layout_basic, okawaru_gym_becter, marbit_many_paths,
          chequers_mini_garden, nrook_campfire,
          wander_ebering_terrifying_dragon_lair, uniq_natasha
D:4:      layout_loops_cross, minmay_temple_entry_hall
D:5:      layout_gridville, lemuel_round_altar, serial_shops, shop_fountains,
          tso_altar
D:6:      layout_basic, gammafunk_temple_overflow_arena, elyvilon_altar_4,
          interstate_on_off, uniq_grinder, uniq_edmund, uniq_blork_the_orc
D:7:      layout_rooms, lemuel_round_altar, bloody_makhleb, zin_academy,
          fedhas_altar_2, serial_corexii_hall, chequers_hall_statues_corner_a,
          chequers_hall_statues_corner_a, serial_shops, shop, grunt_ogre_cave,
          uniq_pikel
D:8:      lemuel_ice_spiral_2, layout_rooms, nicolae_qazlal_eye_of_the_storm,
          yredelemnul_forgotten_temple_becter, serial_shops,
          kennysheep_little_box, basic_altar, minmay_ruffians
D:9:      layout_gridville, minmay_lair_entry_grove
D:10:     layout_stronghold, hiddenorc1_lemuel
D:11:     layout_loops_ring, minmay_fountain_box
D:12:     layout_basic, gauntlet_entry_generic, ebering_ghost_gozag,
          serial_shops, shop, uniq_rupert
D:13:     layout_loops_ring, david_vaults_5, enter_bailey_6, serial_shops,
          nicolae_shop_crystal
D:14:     kennysheep_cluttered_fort, layout_loops_ring, serial_shops,
          kennysheep_mini, uniq_josephine
D:15:     hangedman_depths_entry_try_elsewhere_first, layout_irregular_city,
          nicolae_dithmenos_shadow_blocks
Temple:   zaba_magenta_temple
Lair:1:   layout_long_grid, st_stairs_13, grunt_megastairs_4, uniq_urug
Lair:2:   layout_big_grid, swamp_mist_pool
Lair:3:   lemuel_reptile_caves, layout_small_grid, guppyfry_snake_entry_garden,
          gammafunk_ghost_grave, serial_forest, infiniplex_forest_3_way,
          infiniplex_forest_clump_diagonal, infiniplex_forest_clump_curved,
          infiniplex_forest_clump_curved, infiniplex_forest_side_room,
          infiniplex_forest_zigzag_1, infiniplex_forest_straight_1,
          kennysheep_snail_temple
Lair:4:   layout_loops_ring
Lair:5:   layout_long_grid, serial_forest, infiniplex_forest_corner_2,
          infiniplex_forest_zigzag_1, infiniplex_forest_lined_room_2,
          infiniplex_forest_clump_tiny, infiniplex_forest_clump_small,
          lemuel_fruit_fields
Lair:6:   hangedman_lair_tendril_chambers, layout_long_grid, slime_altar_2,
          serial_bayou_pond_c, st_stairs_10, eino_house_with_fridge
Swamp:1:  layout_basic_swamp, evilmike_swamp_ruin_rubble_2
Swamp:2:  layout_falls_marsh, serial_swamp_ruin, evilmike_swamp_ruin_house_6,
          evilmike_swamp_ruin_house_5, evilmike_swamp_ruin_house_4, swamp_pool1,
          infiniplex_staircase_pool_2
Orc:1:    layout_caves, basic_altar, serial_shops, nicolae_shop_crystal,
          uniq_erica, uniq_fannar
Orc:2:    grunt_orc_tribal_feast, layout_caves, basic_altar, mines2_lemuel

Skill      XL: |  1  2  3  4  5  6  7  8  9 10 11 12 13 14 15 |
---------------+----------------------------------------------+-----
Conjurations   | 1 2 3 4 5 6 7 9 10 11 12 | 12.6
Spellcasting   | 3 4 5 6 7 9 11 12 13 14 15 17 | 17.1
Fire Magic     | 3 4 5 7 8 9 10 11 12 | 12.8
Fighting       | 1 2 3 4 5 6 7 8 9 10 | 10.7
Evocations     | 2 4 5 |  5.0
Shields        | 1 3 4 |  4.0
Dodging        | |  1.5
Stealth        | |  1.5

Action                   |  1- 3 |  4- 6 |  7- 9 | 10-12 | 13-15 || total
-------------------------+-------+-------+-------+-------+-------++-------
Melee: Dagger            |    16 |     3 |   102 |       |    48 ||   169
       Whip              |       |       |     5 |    62 |       ||    67
       Demon blade       |       |       |       |     2 |     1 ||     3
 Cast: Flame Tongue      |    76 |   121 |   255 |   210 |    56 ||   718
       Sticky Flame      |       |     1 |    15 |    48 |    48 ||   112
       Conjure Flame     |       |       |     8 |     5 |    11 ||    24
       Fireball          |       |       |       |   222 |   443 ||   665
       Bolt of Fire      |       |       |       |       |   129 ||   129
       Blink             |       |       |       |       |     1 ||     1
Invok: Potion Petition   |       |       |       |     1 |       ||     1
Evoke: Wand              |       |       |       |     8 |    13 ||    21
       Lamp of fire      |       |       |       |       |     1 ||     1
  Use: Scroll            |       |     3 |     4 |     5 |    11 ||    23
Armor: Robe              |    13 |    16 |    11 |    94 |    58 ||   192
       Leather armour    |       |       |    29 |       |       ||    29
Dodge: Dodged            |    35 |    36 |   110 |   149 |   133 ||   463
       Deflected         |       |       |       |       |     2 ||     2
Block: Buckler           |       |       |       |     2 |    63 ||    65
       Rpst.: Demon blade |       |       |       |     1 |    11 ||    12

Table legend:
 A = Non-vault XP
 B = Vault XP
 C = Vault XP percentage of total XP
 D = Non-vault monster count
 E = Vault monster count
 F = Vault count percentage of total count
                 A         B        C        D         E       F
            +---------+---------+-------+---------+---------+-------
      Total |  110308 |   40656 |  26.9 |     576 |     175 |  23.3
            +---------+---------+-------+---------+---------+-------
        D:1 |      26 |       0 |   0.0 |      15 |       0 |   0.0
        D:2 |      66 |       0 |   0.0 |      25 |       0 |   0.0
        D:3 |     363 |      40 |   9.9 |      31 |       3 |   8.8
        D:4 |     111 |       0 |   0.0 |       9 |       0 |   0.0
        D:5 |     726 |       0 |   0.0 |      18 |       0 |   0.0
        D:6 |     691 |     524 |  43.1 |      19 |       3 |  13.6
        D:7 |     819 |     803 |  49.5 |      20 |       2 |   9.1
        D:8 |    1299 |     787 |  37.7 |      23 |       5 |  17.9
        D:9 |    1014 |    1471 |  59.2 |      20 |      13 |  39.4
       D:10 |    5363 |     251 |   4.5 |      34 |      17 |  33.3
       D:11 |    3606 |       0 |   0.0 |      25 |       0 |   0.0
       D:12 |    3893 |    3168 |  44.9 |      35 |       1 |   2.8
       D:13 |    4407 |    1154 |  20.8 |      27 |       2 |   6.9
       D:14 |   14278 |    3549 |  19.9 |      52 |       8 |  13.3
       D:15 |   11778 |    2752 |  18.9 |      39 |       4 |   9.3
     Lair:1 |    3003 |    1101 |  26.8 |      14 |       3 |  17.6
     Lair:2 |    5786 |       0 |   0.0 |      24 |       0 |   0.0
     Lair:3 |    3586 |    2463 |  40.7 |      13 |      31 |  70.5
     Lair:4 |    1804 |       0 |   0.0 |      10 |       0 |   0.0
     Lair:5 |    3884 |     490 |  11.2 |      12 |       2 |  14.3
     Lair:6 |   12955 |   12612 |  49.3 |      28 |      49 |  63.6
    Swamp:1 |   10653 |       0 |   0.0 |      23 |       0 |   0.0
    Swamp:2 |   14986 |       0 |   0.0 |      26 |       0 |   0.0
      Orc:1 |    1721 |    2031 |  54.1 |       7 |       4 |  36.4
      Orc:2 |    3490 |    7460 |  68.1 |      27 |      28 |  50.9
            +---------+---------+-------+---------+---------+-------
